 Dungeon Crawl Stone Soup version 0.31.0-1-g2c135a0 (webtiles) character file.

Game seed: 6082274072183102266

60 jagoly the Trooper (level 4, -3/29 HPs)
             Began as a Gargoyle Monk on Feb 2, 2024.
             Slain by a gnoll
             ... wielding a +0 halberd
              (8 damage)
             ... on level 3 of the Dungeon.
             The game lasted 00:02:39 (504 turns).

jagoly the Trooper (Gargoyle Monk)                   Turns: 504, Time: 00:02:39

Health: -3/29      AC:  6    Str: 23    XL:     4   Next: 6%
Magic:  4/4        EV: 12    Int: 10    God:
Gold:   57         SH:  0    Dex: 12    Spells: 3/3 levels left

rFire   . . .        a - +0 hand axe
rCold   . . .        d - orb {light}
rNeg    + . .        b - +0 robe
rPois   ∞            k - +0 helmet
rElec   +            (no cloak)
rCorr   .            (no gloves)
SInv    +            (no boots)
Will    .....        (no amulet)
Stlth   +            h - +6 ring of strength
HPRegen 0.24/turn    i - ring of see invisible
MPRegen 0.09/turn

%: no passive effects
@: glowing
A: sickness immunity, AC +3, negative energy resistance 1, electricity
resistance, torment resistance 1, petrification resistance
a: no special abilities


You were on level 3 of the Dungeon.
You visited 1 branch of the dungeon, and saw 4 of its levels.

You collected 57 gold pieces.

Inventory:

Hand Weapons
 a - a +0 hand axe (weapon)
Missiles
 e - 2 stones (quivered)
 m - 3 poisoned darts
Armour
 b - a +0 robe (worn)
 d - an orb of light (worn)
 k - a +0 helmet (worn)
Jewellery
 h - a +6 ring of strength (left hand)
 i - a ring of see invisible (right hand)
Scrolls
 f - a scroll of fog {unknown}
 g - a scroll of enchant weapon {unknown}
 j - a scroll of torment {unknown}
 l - a scroll of identify {unknown}
 n - 2 scrolls of vulnerability {unknown}
Potions
 c - a potion of ambrosia
 o - a potion of curing {unknown}


   Skills:
 + Level 3.7 Fighting
 * Level 3.4 Axes
 + Level 1.4 Armour
 + Level 2.8 Dodging


You had 3 spell levels left.
You didn't know any spells.
Your spell library contained the following spells:

 Spells                   Type           Power      Damage    Failure   Level
 Slow                     Hex            0%         N/A       36%         1
 Confusing Touch          Hex            0%         N/A       75%         3
 Sigil of Binding         Hex            0%         N/A       75%         3
 Vampiric Draining        Necr           0%         2d6       75%         3


Dungeon Overview and Level Annotations

Branches:
Dungeon (4/15) Zot: 23483
 Temple: D:4-7

Altars:


Innate Abilities, Weirdness & Mutations

You are immune to sickness and miasma.
Your stone body is resilient. (AC +3)
You are immune to poison.
You resist negative energy. (rN+)
You are resistant to electric shocks. (rElec)
You are resistant to unholy torment.
You are immune to petrification.


Message History

Welcome, jagoly the Gargoyle Monk.
The heart of this dungeon contains the awesome artefact, the Orb of Zot.
Press ? for a list of commands and other information.
Found a staircase leading out of the dungeon.
Adjust (i)tems, (s)pells, or (a)bilities?
Huh?
Unknown command.
Okay, then.
You open the door.
Found 9 gold pieces.
There is an open door here.
You now have 9 gold pieces.
You open the door.
A goblin comes into view. It is wielding a +0 dagger.
The goblin shouts!
Found a mace.
The goblin hits you but does no damage.
There is an open door here.
You hit the goblin.
The goblin is heavily wounded.
A kobold comes into view. It is wielding a +0 dagger.
The goblin hits you but does no damage.
You hit the goblin.
You kill the goblin!
The kobold throws a stone.
The stone completely misses you.
Things that are here:
a +0 dagger; a goblin corpse The kobold throws a stone.
The stone hits you.
You hit the kobold.
The kobold is moderately wounded.
The kobold barely misses you.
You hit the kobold.
You kill the kobold!
Found a scroll labelled HARUOCVIEMY.
Things that are here:
a +0 dagger; 2 stones; a kobold corpse
e - 2 stones
Found a scroll labelled PAPLIROATE.
f - a scroll labelled HARUOCVIEMY
Found a stone staircase leading down.
g - a scroll labelled PAPLIROATE
There is a stone staircase leading down here.
You climb downwards.
The kobold shouts!
The adder hisses angrily.
Found a book of Debilitation.
Found a stone staircase leading down.
There is a stone staircase leading up here.
Found a scratched golden ring and 9 gold pieces.
You see here a book of Debilitation.
You pick up a book of Debilitation and begin reading...
You add the spells Slow, Sigil of Binding, Vampiric Draining and Confusing Touch to your library.
You hit the adder but do no damage. The adder bites you. x2
You hit the adder.
The adder is moderately wounded.
The adder barely misses you.
You hit the adder but do no damage.
The adder is moderately wounded.
You barely miss the kobold. The adder bites you.
The kobold hits you with a +0 short sword.
* * * LOW HITPOINT WARNING * * *
The adder bites you but does no damage.
You are too injured to fight recklessly!
You are too injured to fight recklessly!
You hit the adder.
The adder is heavily wounded.
You hit the kobold.
You kill the kobold!
The adder bites you but does no damage.
You hit the adder.
The adder is severely wounded.
The adder bites you but does no damage. The adder closely misses you.
You hit the adder.
The adder is almost dead.
The adder barely misses you.
You closely miss the adder.
The adder is almost dead.
The adder barely misses you. The adder closely misses you.
You hit the adder.
The adder is almost dead.
The adder bites you.
* * * LOW HITPOINT WARNING * * *
You hit the adder.
You kill the adder!
Your Axes skill increases to level 3!
You have reached level 2!
Found a copper ring.
A rat comes into view.
A rat is nearby!
Found a stone staircase leading down.
You hit the rat but do no damage. The rat barely misses you.
You hit the rat but do no damage. The rat barely misses you.
You slash the rat!
You kill the rat!
h - a +6 ring of strength
i - a ring of see invisible You feel stronger.
h - a +6 ring of strength (left hand)
i - a ring of see invisible (right hand)
Found a scroll labelled YNYIDESHREO.
A rat comes into view.
The rat squeaks loudly.
You see here a scroll labelled YNYIDESHREO.
j - a scroll labelled YNYIDESHREO A ribbon worm comes into view.
The rat bites you but does no damage.
You hit the rat.
You kill the rat!
You see here a rat corpse.
The ribbon worm expels a string of sticky webbing.
The stream of webbing hits you but does no damage.
You are caught in a web!
There is a web here.
You struggle to detach yourself from the web.
You struggle to detach yourself from the web.
The ribbon worm barely misses you.
The web tears apart.
The ribbon worm closely misses you.
You hit the ribbon worm.
The ribbon worm is lightly wounded.
The ribbon worm bites you.
You hit the ribbon worm but do no damage.
The ribbon worm is lightly wounded.
The ribbon worm bites you.
You slash the ribbon worm!
The ribbon worm is heavily wounded.
The ribbon worm bites you.
You hit the ribbon worm.
The ribbon worm is heavily wounded.
The ribbon worm bites you but does no damage.
You completely miss the ribbon worm.
The ribbon worm is moderately wounded.
The ribbon worm bites you.
You hit the ribbon worm.
The ribbon worm is moderately wounded.
The ribbon worm expels a string of sticky webbing.
The stream of webbing misses you.
You hit the ribbon worm but do no damage.
The ribbon worm is moderately wounded.
You hit the ribbon worm.
The ribbon worm is heavily wounded.
The ribbon worm barely misses you.
You hit the ribbon worm but do no damage.
The ribbon worm is heavily wounded.
The ribbon worm barely misses you.
You hit the ribbon worm.
The ribbon worm is severely wounded.
The ribbon worm bites you.
* * * LOW HITPOINT WARNING * * *
You hit the ribbon worm but do no damage.
The ribbon worm is severely wounded.
The ribbon worm bites you.
* * * LOW HITPOINT WARNING * * *
You hit the ribbon worm.
You kill the ribbon worm!
You see here a ribbon worm corpse.
Found a dagger.
There is a stone staircase leading down here.
You climb downwards.
There is a stone staircase leading up here.
You climb upwards.
There is a stone staircase leading down here.
Found a stone staircase leading up.
There is a stone staircase leading up here.
You now have 18 gold pieces (gained 9).
Found 7 gold pieces.
A quokka comes into view.
You see here 7 gold pieces.
You now have 25 gold pieces (gained 7).
The quokka bites you but does no damage.
You barely miss the quokka. The quokka bites you.
You barely miss the quokka.
The quokka bites you but does no damage.
The quokka bites you.
You closely miss the quokka.
The quokka bites you but does no damage.
You barely miss the quokka. The quokka closely misses you. x2
You slash the quokka!
You kill the quokka!
No target in view!
No target in view!
HP restored.
Found 8 gold pieces.
You now have 33 gold pieces (gained 8).
Found 5 gold pieces.
A ball python comes into view.
The ball python hisses angrily.
You see here 5 gold pieces.
You now have 38 gold pieces (gained 5).
The ball python bites you but does no damage.
The ball python barely misses you.
You hit the ball python.
The ball python is severely wounded.
The ball python closely misses you. The ball python grabs you.
The ball python constricts you.
You slash the ball python!
You kill the ball python!
Your Armour skill increases to level 1!
No target in view!
Found a dagger.
A quokka comes into view.
A quokka is nearby!
The quokka bites you but does no damage.
You hit the quokka.
The quokka is moderately wounded.
The quokka closely misses you. x2
You hit the quokka but do no damage.
The quokka is moderately wounded.
The quokka bites you but does no damage.
You hit the quokka.
The quokka is severely wounded.
The quokka bites you.
The quokka bites you but does no damage.
You closely miss the quokka.
The quokka is severely wounded.
The quokka bites you but does no damage.
You hit the quokka but do no damage.
The quokka is severely wounded.
The quokka misses you. The quokka bites you.
You hit the quokka but do no damage.
The quokka is severely wounded.
The quokka misses you.
You hit the quokka.
You kill the quokka!
An adder comes into view.
The adder hisses angrily.
A goblin comes into view. It is wielding a +0 club.
You hit the adder.
The adder is lightly wounded.
The adder bites you. The adder closely misses you.
You hit the adder.
The adder is moderately wounded.
The adder closely misses you. The adder bites you.
You barely miss the adder.
The adder is moderately wounded.
The adder closely misses you.
You closely miss the adder.
The adder is moderately wounded.
The adder misses you. The adder bites you but does no damage.
You barely miss the adder.
The adder is moderately wounded.
The adder misses you.
You hit the adder.
The adder is almost dead.
The adder barely misses you. The adder bites you.
You hit the adder but do no damage.
The adder is almost dead.
The adder bites you.
You hit the adder.
The adder is almost dead.
The adder bites you. The adder bites you but does no damage.
You hit the adder.
You kill the adder!
You have reached level 3!
Your experience leads to an increase in your attributes!
Your base attributes are Str 14, Int 10, Dex 12.
Increase (S)trength, (I)ntelligence, or (D)exterity?
You feel stronger. x2
The goblin shouts!
You completely miss the goblin. The goblin closely misses you.
You hit the goblin.
The goblin is moderately wounded.
The goblin hits you but does no damage.
You hit the goblin.
The goblin is heavily wounded.
The goblin closely misses you.
You hit the goblin but do no damage.
The goblin is heavily wounded.
The goblin completely misses you.
You slash the goblin!
You kill the goblin!
No target in view!
Found a stone staircase leading down.
There is a stone staircase leading down here.
You climb downwards.
Found 11 gold pieces.
There is a stone staircase leading up here.
You now have 49 gold pieces (gained 11).
HP restored.
Found 8 gold pieces.
You now have 57 gold pieces (gained 8).
Found a helmet.
Found a stone staircase leading up.
An endoplasm comes into view.
The endoplasm quivers.
You see here a +0 helmet.
You start putting on your armour.
You continue putting on your +0 helmet. x4
You finish putting on your +0 helmet.
You open the door.
There is an open door here.
You open the door.
There is an open door here.
You open the door.
There is an open door here.
There is an open door here.
There is an open door here.
A hobgoblin comes into view.
A hobgoblin is nearby!
A hobgoblin is nearby!
No target in view!
An endoplasm comes into view.
The endoplasm quivers.
The hobgoblin barely misses you.
You slash the hobgoblin!
You kill the hobgoblin!
The endoplasm closely misses you.
You hit the endoplasm.
The endoplasm is heavily wounded.
The endoplasm closely misses you.
You hit the endoplasm but do no damage.
The endoplasm is heavily wounded.
The endoplasm hits you but does no damage.
The endoplasm completely misses you.
You hit the endoplasm.
The endoplasm is severely wounded.
The endoplasm hits you but does no damage.
You hit the endoplasm.
You kill the endoplasm!
No target in view!
A hobgoblin comes into view.
The hobgoblin shouts!
A kobold comes into view. It is wielding a +0 whip.
The hobgoblin moves out of view.
The kobold shouts!
The hobgoblin barely misses you. The hobgoblin barely misses you.
The hobgoblin hits you but does no damage.
The kobold hits you but does no damage.
You hit the kobold.
You kill the kobold!
You hit the hobgoblin. The hobgoblin closely misses you.
Things that are here:
a +0 whip; a kobold corpse You hit the hobgoblin but do no damage.
The hobgoblin is severely wounded.
The hobgoblin closely misses you.
You hit the hobgoblin.
You kill the hobgoblin!
No target in view!
No target in view!
You open the door.
Found a scroll labelled XUUVAI KEUCIMEBI.
There is an open door here.
l - a scroll labelled XUUVAI KEUCIMEBI
Found a stone staircase leading down.
You open the door.
There is an open door here.
There is a stone staircase leading down here.
You climb downwards.
There is a stone staircase leading up here.
You climb upwards.
There is a stone staircase leading down here.
You open the door.
There is an open door here.
You open the door.
A kobold comes into view.
It is wielding a +0 whip and quivering poisoned darts.
The kobold shouts!
There is an open door here.
You hit the kobold but do no damage. The kobold misses you.
You hit the kobold.
The kobold is moderately wounded.
The kobold hits you with a +0 whip.
You completely miss the kobold. The kobold hits you with a +0 whip.
You hit the kobold.
You kill the kobold!
Things that are here:
a +0 whip; 3 poisoned darts You open the door.
Things that are here:
a +0 whip; 3 poisoned darts
m - 3 poisoned darts
There is an open door here.
You open the door.
Found a pink potion and 2 scrolls labelled POPNESTROTZ.
Found a mace.
There is an open door here.
n - 2 scrolls labelled POPNESTROTZ
o - a pink potion As you open the door, it creaks loudly!
There is an open door here.
HP restored.
You open the door.
There is an open door here.
A gnoll comes into view. It is wielding a +0 spear.
The gnoll shouts!
A gnoll is nearby!
A gnoll and a ball python come into view.
Found 8 stones.
The gnoll shouts!
The ball python hisses angrily.
A gnoll comes into view. It is wielding a +0 halberd.
The gnoll closely misses you.
The gnoll shouts!
You hit the gnoll.
The gnoll is lightly wounded.
The gnoll closely misses you. The gnoll barely misses you.
You hit the gnoll but do no damage.
The gnoll is lightly wounded.
The gnoll closely misses you.
You slash the gnoll!
The gnoll is severely wounded.
The gnoll hits you but does no damage.
You slash the gnoll!
You kill the gnoll!
You hit the gnoll.
The gnoll is heavily wounded.
The gnoll hits you with a +0 flail!
You barely miss the gnoll.
The gnoll is moderately wounded.
The gnoll hits you with a +0 flail.
* * * LOW HITPOINT WARNING * * *
Okay, then.
You slash the gnoll!
The gnoll is almost dead.
The gnoll misses you.
You hit the gnoll.
You kill the gnoll!
The ball python barely misses you. The ball python grabs you.
The ball python constricts you.
You have reached level 4!
You feel stronger.
You closely miss the ball python. The gnoll misses you.
The ball python closely misses you. The ball python constricts you.
The gnoll hits you from afar with a +0 halberd!
* * * LOW HITPOINT WARNING * * *
You hit the ball python.
You kill the ball python!
The gnoll closely misses you. The gnoll closely misses you.
Items here: )) †††.
You hit the gnoll.
The gnoll is lightly wounded.
The gnoll hits you with a +0 halberd!
You die...

#............###'####.#
###......#+#.# #.# #.#
#......# #^# #.####'#
####'#.# #.# #.#.....
#.# # #.# #.#..... #.#
#.# #.#..... #.#
#.#..... #.# ##......#
#@# ......... #g#
.######.# #.# #.# #.#
#####.# #.# #...#.# #(.
#...#.# #.. #...#.# #..
#...#.# ##...#.#


You could see a gnoll.

Vanquished Creatures
  2 gnolls (D:3)
  2 adders (D:2)
  A ribbon worm (D:2)
  2 ball pythons
  An endoplasm (D:3)
  2 goblins
  2 hobgoblins (D:3)
  4 kobolds
  2 quokkas (D:2)
  2 rats (D:2)
20 creatures vanquished.

Notes
Turn   | Place    | Note
-------+----------+-------------------------------------------
     0 | D:1      | jagoly the Gargoyle Monk began the quest for the Orb.
     0 | D:1      | Reached XP level 1. HP: 14/14 MP: 1/1
    57 | D:2      | Reached XP level 2. HP: 9/19 MP: 2/2
   211 | D:2      | Reached skill level 1 in Armour
   260 | D:2      | Reached XP level 3. HP: 14/23 MP: 3/3
   501 | D:3      | Reached XP level 4. HP: 12/29 MP: 4/4
   504 | D:3      | Slain by a gnoll

Illustrated notes

Levels and vault maps discovered:
D:1:      sevenhm_arrival_forest_fort_small_5, layout_basic
D:2:      layout_rooms, basic_altar, uniq_crazy_yiuf_cottage
D:3:      layout_basic, chequers_ecumenical_altar_island,
          ebering_ghost_reflecting_pool
D:4:      layout_loops_cross, uniq_grinder

Skill      XL: |  1  2 |
---------------+-------+-----
Axes           | 3 |  3.4
Armour         | 1 |  1.4
Fighting       | |  3.7
Dodging        | |  2.8

Action                     |  1- 3 |  4- 6 || total
---------------------------+-------+-------++-------
  Melee: Hand axe          |    77 |     3 ||    80
 Armour: Robe              |    48 |     2 ||    50
  Dodge: Dodged            |    46 |     4 ||    50
